 Seeded DCSS version 0.30.1-9-gdf580d7c3d (webtiles) character file.

Game seed: 9106806156630997546 (custom seed)

208 Psyclone the Conjurer (level 5, -1/28 HPs)
             Began as a Deep Elf Conjurer on Oct 9, 2023.
             Was an Initiate of Gozag.
             Slain by a yak (13 damage)
             ... on level 5 of the Dungeon.
             The game lasted 00:02:21 (659 turns).

Psyclone the Conjurer (Deep Elf Conjurer)            Turns: 659, Time: 00:02:21

Health: -1/28      AC:  2    Str:  4    XL:     5   Next: 55%
Magic:  10/11      EV: 12    Int: 25    God:    Gozag
Gold:   26         SH:  0    Dex: 13    Spells: 7/10 levels left

rFire   . . .        (no weapon)
rCold   . . .        (no shield)
rNeg    . . .        a - +0 robe
rPois   .            (no helmet)
rElec   .            (no cloak)
rCorr   .            (no gloves)
SInv    .            (no boots)
Will    .....        (no amulet)
Stlth   ++           (no ring)
HPRegen 0.24/turn    (no ring)
MPRegen 0.12/turn

%: no passive effects
@: no status effects
A: no striking features
a: Renounce Religion, Potion Petition, Call Merchant, Bribe Branch


You were on level 5 of the Dungeon.
You worshipped Gozag.
Gozag was noncommittal.
You visited 2 branches of the dungeon, and saw 8 of its levels.

You collected 113 gold pieces.
You paid 87 gold pieces to Gozag.

Inventory:

Armour
 a - a +0 robe (worn)
Scrolls
 e - a scroll of acquirement {unknown}
Potions
 b - a potion of magic
 c - a potion of haste {unknown}
 d - a potion of degeneration {unknown}
 f - a potion of mutation {unknown}


   Skills:
 - Level 2.4 Dodging
 - Level 2.4 Stealth
 - Level 3.0 Spellcasting
 + Level 7.6 Conjurations


You had 7 spell levels left.
You knew the following spells:

 Your Spells              Type           Power      Damage    Failure   Level
a - Magic Dart            Conj           100%       1d8       1%          1
b - Searing Ray           Conj           82%        2d7       1%          2

Your spell library contained the following spells:

 Spells                   Type           Power      Damage    Failure   Level
 Dazzling Flash           Conj/Hex       44%        N/A       6%          3
 Fulminant Prism          Conj/Hex       11%        3d9       22%         4
 Iskenderun's Mystic Bla  Conj/Tloc      22%        2d6       22%         4


Dungeon Overview and Level Annotations

Branches:
Dungeon (7/15) Zot: 26886  Temple (1/1) D:5 Zot: 5977

Altars:
Dithmenos
Gozag
Hepliaklqana
Okawaru
Qazlal
Ru
Sif Muna
Trog
Uskayaw
Xom
Yredelemnul

Annotations:
D:3 Natasha


Message History

You start resting.
Magic restored.
MP restored: 11 You climb upwards.
The orc hits you with a +0 dagger.
There is a stone staircase leading down, spattered with blood here.
You take 4 damage, and have 24/28 hp.
The orc attacks as you move away! The orc hits you but does no damage.
Casting: Searing Ray (safe; 1% risk of failure)
Confirm with . or Enter, or press ? or * to list all spells.
Aiming: Searing Ray (safe; 1% risk of failure)
Press: ? - help, Shift-Dir - straight line, f - orc
Aim: an orc, wielding a +0 dagger (82% to hit)
The searing ray misses the orc. (Press . to maintain the ray.)
The orc shouts!
You hear a shout!
The orc barely misses you.
You now have 9/11 mp.
The searing ray hits the orc!
You kill the orc!
The sleepcap is distracted by your dazzling golden aura.
You now have 8/11 mp.
A gnoll comes into view. It is wielding a +0 whip.
A gnoll comes into view. It is wielding a +0 spear.
The gnoll shouts!
A gnoll comes into view. It is wielding a +0 club.
The gnoll shouts!
Found 20 gold pieces.
Health restored: 28
There is a stone staircase leading up here.
You climb upwards.
You hear the sound of rushing water.
There is an entrance to a sewer on this level.
Hurry and find it before the portal rusts away!
You hear the brisk rusting of a very distant drain.
The yak barely misses you. The yak gores you!
Ouch! That really hurt!
There is a stone staircase leading down here.
You take 16 damage, and have 12/28 hp.
MASSIVE DAMAGE!!
The yak attacks as you move away! The yak gores you!
You die...
Your body crumbles into a pile of gold.

## ### #. .. . ## #.##.###.#
##.. ......... #... .........
#..# #....... #####..###...###
......?...Y....#.#
.........@.#.#.#.#
######..........#.#
#.......Y.......#.#
####...##..........#.#
#..................#.#
...#..[#..........#.##### .
#.⌠.#................#
...###...###........#.###.#
#...........#..#.#.#.###.#####


You could see 2 yaks.

Vanquished Creatures
  A sky beast (D:7)
  A bullfrog (D:6)
  2 adders (D:5)
  2 dart slugs
  5 orcs
  A bat (D:1)
  An endoplasm (D:4)
  A hobgoblin (D:4)
  3 jackals
  A kobold (D:4)
18 creatures vanquished.

Notes
Turn   | Place    | Note
-------+----------+-------------------------------------------
     0 | D:1      | Psyclone the Deep Elf Conjurer began the quest for the Orb.
     0 | D:1      | Reached XP level 1. HP: 10/10 MP: 6/6
    28 | D:2      | Found a stormy altar of Qazlal.
   142 | D:2      | Reached XP level 2. HP: 15/15 MP: 5/8
   205 | D:2      | Learned a level 2 spell: Searing Ray
   206 | D:3      | Noticed Natasha
   229 | D:4      | Reached skill level 5 in Conjurations
   311 | D:5      | Entered Level 5 of the Dungeon
   382 | D:5      | Reached XP level 3. HP: 19/19 MP: 4/9
   462 | D:5      | Found a staircase to the Ecumenical Temple.
   466 | D:5      | Noticed a scorpion
   470 | Temple   | Entered the Ecumenical Temple
   480 | Temple   | Became a worshipper of Gozag Ym Sagoz the Greedy
   491 | D:5      | Noticed a yak
   492 | D:5      | Noticed a yak
   504 | D:6      | Noticed a bullfrog
   508 | D:6      | Killed a bullfrog
   509 | D:6      | Reached skill level 6 in Conjurations
   509 | D:6      | Reached XP level 4. HP: 17/24 MP: 4/10
   546 | D:7      | Noticed a sky beast
   550 | D:7      | Killed a sky beast
   551 | D:7      | Reached skill level 7 in Conjurations
   551 | D:7      | Reached XP level 5. HP: 21/28 MP: 4/11
   659 | D:5      | Slain by a yak

Illustrated notes

Levels and vault maps discovered:
D:1:      onia_arrival_mini_spirals, layout_loops_ring, serial_shops, shop
D:2:      layout_rooms, basic_altar, reono_crystal_passage, minmay_tetromino_l2,
          uniq_robin, uniq_jessica, uniq_crazy_yiuf_cottage
D:3:      layout_loops_ring, uniq_sigmund, uniq_natasha
D:4:      layout_rooms, ebering_ghost_sewer_d, nicolae_take_the_stairs,
          grunt_ministairs_6, ebering_dispersal_statue_hall,
          minmay_ogre_servants
D:5:      nicolae_cairo_tiling_large, layout_basic, slow_altar_2,
          minmay_temple_entry_junction_2, portal_sewer_entry_b
D:6:      layout_cave_pools
D:7:      layout_basic, elyvilon_altar_3
Temple:   nicolae_temple_bog_church

Skill      XL: |  1  2  3  4 |
---------------+-------------+-----
Conjurations   | 5 6 7 |  7.6
Dodging        | |  2.4
Stealth        | |  2.4
Spellcasting   | |  3.0

Action                     |  1- 3 |  4- 6 || total
---------------------------+-------+-------++-------
   Cast: Magic Dart        |    21 |       ||    21
         Searing Ray       |     3 |     3 ||     6
 Armour: Robe              |       |     1 ||     1
  Dodge: Dodged            |    15 |     4 ||    19
